 Dungeon Crawl Stone Soup version 0.32-a0-433-g08bcfe7efd (webtiles) character file.

Game seed: 8318075321929344558

110 jasper the Trooper (level 4, -3/38 HPs)
             Began as a Coglin Chaos Knight on Feb 23, 2024.
             Was a Follower of Okawaru.
             Frozen to death by an endoplasm (4 damage)
             ... on level 3 of the Dungeon.
             The game lasted 00:03:30 (1711 turns).

jasper the Trooper (Coglin Chaos Knight)            Turns: 1711, Time: 00:03:30

Health: -3/38      AC:  5    Str: 13    XL:     4   Next: 91%
Magic:  3/3        EV: 11    Int: 11    God:    Okawaru [*.....]
Gold:   28         SH:  0    Dex: 13    Spells: 3/3 levels left

rFire   . .          .
                       - Unarmed
rCold   . . .        (no shield)
rNeg    . . .        a - +2 leather armour
rPois   .            (no helmet)
rElec   .            (no cloak)
rCorr   .            (no gloves)
SInv    .            (no boots)
Will    +....        (no amulet)
Stlth   +            n - ring of willpower
HPRegen 0.26/turn    (no ring)
MPRegen 0.08/turn

%: no passive effects
@: immotile, unable to drink, revved
A: off-hand wielding, slow wielding, warmup strikes, legs shutdown, low MP 1,
screaming 1, weak 1, inability to drink after injury 1
a: Renounce Religion, Heroism


You were on level 3 of the Dungeon.
You worshipped Okawaru.
Okawaru was aware of your devotion.
You visited 1 branch of the dungeon, and saw 3 of its levels.

You collected 28 gold pieces.

Inventory:

Missiles
 d - 27 stones (quivered)
 p - a throwing net
Armour
 a - a +2 leather armour (worn)
Jewellery
 n - a ring of willpower (left grasper)
Talismans
 f - a blade talisman
Scrolls
 b - a scroll of butterflies
 c - a scroll of fear {unknown}
 e - a scroll of immolation {unknown}
 g - a scroll of revelation {unknown}
 h - a scroll of poison {unknown}
 i - 2 scrolls of teleportation {unknown}
 o - a scroll of silence {unknown}
 q - a scroll of summoning {unknown}
Potions
 j - a potion of attraction {unknown}
 k - a potion of curing {unknown}
 l - 2 potions of ambrosia {unknown}
 m - a potion of might {unknown}


   Skills:
 + Level 4.3 Fighting
 - Level 1.7 Armour
 - Level 0.8 Dodging
 + Level 4.0 Unarmed Combat


You had 3 spell levels left.
You didn't know any spells.
Your spell library contained the following spells:

 Spells                   Type           Power      Damage    Failure   Level
 Magic Dart               Conj           0%         1d3       41%         1
 Sandblast                Erth           0%         2d4       41%         1
 Ensorcelled Hibernation  Hex/Ice        0%         N/A       56%         2
 Searing Ray              Conj           0%         2d4       56%         2
 Passwall                 Erth           0%         N/A       80%         3
 Stone Arrow              Conj/Erth      0%         3d7       80%         3
 Brom's Barrelling Bould  Conj/Erth      0%         2d3       99%         4
 Flame Wave               Conj/Fire      0%         2d4       99%         4
 Fulminant Prism          Conj/Alch      0%         3d5       99%         4
 Fireball                 Conj/Fire      0%         3d3       100%        5
 Starburst                Conj/Fire      0%         6d3       100%        6


Dungeon Overview and Level Annotations

Branches:
Dungeon (3/15)

Altars:
Okawaru


Innate Abilities, Weirdness & Mutations

You can wield a second weapon in your off-hand.
It takes a long time for you to wield or remove held weapons.
Your first few attacks do less damage.
Attacking and casting redirects power from your legs.
Your magical capacity is low. (-10% MP)
You occasionally shout uncontrollably at your foes.
You are weak. (Str -2)
You occasionally lose the ability to drink potions when taking damage.


Message History

The hobgoblin is almost dead.
The hobgoblin closely misses you.
The endoplasm quivers.
You hit the hobgoblin.
You kill the hobgoblin!
Okawaru accepts your kill.
Your Unarmed Combat skill increases to level 4!
You completely miss the endoplasm. The giant cockroach bites you.
The endoplasm hits you but does no damage.
You take 1 damage, and have 18/38 hp.
You hit the endoplasm.
The endoplasm is moderately wounded.
The giant cockroach barely misses you.
You hit the endoplasm.
The endoplasm is almost dead.
The giant cockroach bites you but does no damage.
The endoplasm freezes you.
You are frozen.
The orc hits you with a +0 short sword.
The giant cockroach bites you but does no damage.
You take 6 damage, and have 12/38 hp.
You hit the orc but do no damage. The endoplasm freezes you.
You are frozen.
* * * LOW HITPOINT WARNING * * *
The orc hits you but does no damage. The giant cockroach bites you.
* * * LOW HITPOINT WARNING * * *
You take 4 damage, and have 8/38 hp.
You hit the orc but do no damage. The endoplasm freezes you.
You are frozen.
* * * LOW HITPOINT WARNING * * *
The orc hits you with a +0 short sword.
* * * LOW HITPOINT WARNING * * *
The giant cockroach bites you but does no damage.
You take 7 damage, and have 1/38 hp.
You hit the endoplasm but do no damage.
The endoplasm is almost dead.
The endoplasm freezes you.
You are frozen.
You die...

### # # ... #.#
#.## #.###B..#
#.#
#######.#.#@#.#.#
..#
#......###.Jo..#
###
#.#####.#.#.#.#.#
## #.# ##.###...#
.#####.#### #.#
#.## ..........#
#.# :#
.########.# #.. .
## # ### #


You could see an orc, an endoplasm and a giant cockroach.

Vanquished Creatures
  4 gnolls (D:3)
  An adder (D:3)
  A dart slug (D:1)
  5 ball pythons
  3 endoplasms
  A giant cockroach (D:1)
  7 hobgoblins
  4 jackals (D:1)
  3 quokkas
  6 bats
  5 frilled lizards
  4 kobolds
  22 rats
66 creatures vanquished.

Notes
Turn   | Place    | Note
-------+----------+-------------------------------------------
     0 | D:1      | jasper the Coglin Chaos Knight began the quest for the Orb.
     0 | D:1      | Reached XP level 1. HP: 18/18 MP: 1/1
   102 | D:1      | Reached XP level 2. HP: 19/24 MP: 2/2
   212 | D:1      | You fall into a shaft and drop 1 floor!
   269 | D:1      | XOM: divination: magic mapping
   381 | D:1      | Found a faded altar of an unknown god.
   391 | D:1      | Prayed at the altar of an unknown god.
   391 | D:1      | Fell from the grace of Xom
   391 | D:1      | Became a worshipper of Warmaster Okawaru
   391 | D:1      | Reached * piety under Okawaru
   436 | D:1      | Reached XP level 3. HP: 29/29 MP: 3/3
   567 | D:1      | XOM: give mutations
   567 | D:1      | Gained mutation: You are robust. (+10% HP) [Xom's mischief]
   567 | D:1      | Gained mutation: You have hidden genetic defects. [Xom's
                  | mischief]
   567 | D:1      | Gained mutation: You have terrible hidden genetic defects.
                  | [Xom's mischief]
   567 | D:1      | Gained mutation: You are weak. (Str -2) [Xom's mischief]
   892 | D:2      | Gained mutation: Your magical capacity is low. (-10% MP)
                  | [hidden defects]
  1029 | D:2      | Found an iron altar of Okawaru.
  1114 | D:2      | Gained mutation: You occasionally lose the ability to drink
                  | potions when taking damage. [hidden defects]
  1114 | D:2      | Lost mutation: You have terrible hidden genetic defects.
                  | [hidden defects expressed]
  1162 | D:2      | Lost mutation: You are robust. (+10% HP) [hidden defects]
  1171 | D:2      | Reached XP level 4. HP: 37/37 MP: 3/3
  1333 | D:2      | Got the Atlas of Loss
  1426 | D:3      | XOM: god gift: book of Geomancy
  1433 | D:3      | Gained mutation: You occasionally shout uncontrollably at
                  | your foes. [hidden defects]
  1433 | D:3      | Lost mutation: You have hidden genetic defects. [hidden
                  | defects expressed]
  1710 | D:3      | HP: 1/38 [orc/+0 short sword (4)]
  1711 | D:3      | Frozen to death by an endoplasm

Illustrated notes

Levels and vault maps discovered:
D:1:      zaba_arrival_water, layout_basic,
          dreamdust_ecumenical_altar_sealed_demon
D:2:      layout_rooms, basic_altar, minmay_rat_hole
D:3:      layout_loops_ring, uniq_ijyb

Skill      XL: |  1  2  3  4 |
---------------+-------------+-----
Unarmed Combat | 3 4 |  4.0
Fighting       | 4 |  4.3
Armour         | |  1.7
Dodging        | |  0.8

Action                     |  1- 3 |  4- 6 || total
---------------------------+-------+-------++-------
  Melee: Unarmed           |   190 |    58 ||   248
         Punch             |     5 |     1 ||     6
  Throw: Stone             |     1 |     1 ||     2
 Invoke: Heroism           |       |     1 ||     1
 Armour: Leather armour    |    96 |    38 ||   134
  Dodge: Dodged            |   105 |    24 ||   129

Table legend: (Time is in decaauts)
 A = Elapsed time spent in this place.
 B = Non-inter-level travel time spent in this place.
 C = Inter-level travel time spent in this place.
 D = Time resting spent in this place.
 E = Time spent auto-exploring this place.
 F = Levels seen in this place.
 G = Mean time per level.
                   A        B        C        D        E       F      G
               +--------+--------+--------+--------+--------+-----+--------+
         Total |   1704 |   1642 |     62 |    115 |   1033 |   3 |  568.0 |
       Dungeon |   1704 |   1642 |     62 |    115 |   1033 |   3 |  568.0 |
               +--------+--------+--------+--------+--------+-----+--------+

Top non-repeatable levels by time:
     D:1: 850 daAuts
     D:2: 540 daAuts
     D:3: 313 daAuts
